 Dungeon Crawl Stone Soup version 0.31.0-11-ge490571c62 (webtiles) character file.

Game seed: 100608913985419351

375 hawla the Conjurer (level 6, 0/35 HPs)
             Began as a Deep Elf Earth Elementalist on Feb 8, 2024.
             Slain by Pikel
             ... wielding a +2 whip of electrocution
              (4 damage)
             ... on level 4 of the Dungeon.
             The game lasted 00:11:20 (3014 turns).

hawla the Conjurer (Deep Elf Earth Elementalist)    Turns: 3014, Time: 00:11:21

Health: 0/35       AC:  5    Str:  5    XL:     6   Next: 44%
Magic:  1/12       EV: 12    Int: 22    God:
Gold:   205        SH:  0    Dex: 15    Spells: 7/11 levels left

rFire   . . .        e - +2 dagger (elec)
rCold   . . .        (no shield)
rNeg    + . .        a - +0 robe
rPois   .            (no helmet)
rElec   .            c - +0 cloak
rCorr   .            p - +0 pair of gloves
SInv    .            b - +0 pair of boots
Will    .....        (no amulet)
Stlth   +++          d - +4 ring of slaying
HPRegen 0.25/turn    h - ring of positive energy
MPRegen 0.13/turn

%: no passive effects
@: very slightly contaminated
A: no striking features
a: no special abilities


You were on level 4 of the Dungeon.
You visited 1 branch of the dungeon, and saw 5 of its levels.

You collected 205 gold pieces.

Inventory:

Hand Weapons
 e - a +2 dagger of electrocution (weapon)
 l - a +1 broad axe of flaming
Armour
 a - a +0 robe (worn)
 b - a +0 pair of boots (worn)
 c - a +0 cloak (worn)
 p - a +0 pair of gloves (worn)
Magical Staves
 n - a staff of fire
Jewellery
 d - a +4 ring of slaying (left hand)
 h - a ring of positive energy (right hand)
 k - an amulet of the acrobat
Wands
 i - a wand of polymorph (6)
Scrolls
 f - a scroll of identify
 m - a scroll of teleportation
 r - a scroll of noise {unknown}
Potions
 g - 3 potions of curing
 j - a potion of brilliance
 o - 2 potions of heal wounds
 q - 2 potions of might {unknown}
 s - a potion of haste {unknown}


   Skills:
 - Level 2.0 Fighting
 - Level 2.4 Dodging
 - Level 4.0 Stealth
 - Level 3.0 Spellcasting
 - Level 5.0 Conjurations
 - Level 3.2 Earth Magic
 + Level 3.2 Evocations


You had 7 spell levels left.
You knew the following spells:

 Your Spells              Type           Power      Damage    Failure   Level
a - Sandblast             Erth           34%        2d9       3%          1
b - Stone Arrow           Conj/Erth      42%        3d9       7%          3

Your spell library contained the following spells:

 Spells                   Type           Power      Damage    Failure   Level
 Passwall                 Erth           17%        N/A       10%         3
 Apportation              Tloc           6%         N/A       12%         1
 Jinxbite                 Hex            6%         N/A       19%         2
 Brom's Barrelling Bould  Conj/Erth      21%        2d4       22%         4
 Petrify                  Alch/Erth      10%        N/A       54%         4
 Alistair's Intoxication  Alch           2%         N/A       98%         5


Dungeon Overview and Level Annotations

Branches:
Dungeon (5/15)
 Temple: D:4-7

Altars:
Cheibriados
Gozag

Shops:
D:2 =

Annotations:
D:4 3 runed translucent doors, Pikel; booth's ghost, amateur KoHu


Message History

Pikel is heavily wounded.
Casting: Stone Arrow (dangerous; 7% risk of failure)
Confirm with . or Enter, or press ? or * to list all spells.
Aiming: Sandblast (safe; 3% risk of failure)
Press: ? - help, Shift-Dir - straight line, f/p - Pikel
Aim: Pikel, wielding a +2 whip of electrocution and wearing a +0 robe (heavily wounded, 77% to hit)
The blast of sand hits Pikel!
Pikel is almost dead.
Pikel hits you with a +2 whip of electrocution.
You are electrocuted!!
Ouch! That really hurt!
Pikel barely misses you.
Casting: Sandblast (safe; 3% risk of failure)
Confirm with . or Enter, or press ? or * to list all spells.
Aiming: Sandblast (safe; 3% risk of failure)
Press: ? - help, Shift-Dir - straight line, f/p - Pikel
Aim: Pikel, wielding a +2 whip of electrocution and wearing a +0 robe (almost dead, 77% to hit)
The blast of sand hits Pikel.
Pikel is almost dead.
Pikel hits you but does no damage.
You are electrocuted!
* * * LOW HITPOINT WARNING * * *
Casting: Sandblast (safe; 3% risk of failure)
Confirm with . or Enter, or press ? or * to list all spells.
Aiming: Stone Arrow (dangerous; 7% risk of failure)
Press: ? - help, Shift-Dir - straight line, f/p - Pikel
Aim: Pikel, wielding a +2 whip of electrocution and wearing a +0 robe (almost dead, 64% to hit)
You miscast Stone Arrow.
You are very lightly contaminated with residual magic.
Nothing appears to happen.
Pikel closely misses you. The lemure closely misses you.
Casting: Stone Arrow (dangerous; 7% risk of failure)
Confirm with . or Enter, or press ? or * to list all spells.
Aiming: Sandblast (safe; 3% risk of failure)
Press: ? - help, Shift-Dir - straight line, f/p - Pikel
Aim: Pikel, wielding a +2 whip of electrocution and wearing a +0 robe (almost dead, 77% to hit)
The blast of sand hits Pikel but does no damage.
Pikel is almost dead.
Pikel hits you with a +2 whip of electrocution.
You die...
Pikel says, "Another soul for the market."

..........##
....#
..........#
.....#
#........##
......
......().###
......
..######...##
##.....# ###
#.....####.....#
# #............#
#
#...........###
# #..#.......@#
# ...###.....5K#
# #...
##.......# ....
##.......# ..
##......#
##......
##......
##.....#


You could see Pikel and a lemure.

Vanquished Creatures
  An ogre (D:4)
  2 lemures (D:4)
  An orc priest (D:3)
  An iguana (D:5)
  Jessica (D:2)
  Ijyb (D:4)
  An orc wizard (D:2)
  4 adders
  3 gnolls (D:4)
  2 ribbon worms
  9 orcs
  9 ball pythons
  4 bats
  6 endoplasms
  2 giant cockroaches
  11 hobgoblins
  2 jackals (D:1)
  3 quokkas (D:1)
  3 frilled lizards
  6 goblins
  6 kobolds
  2 rats (D:1)
80 creatures vanquished.

Notes
Turn   | Place    | Note
-------+----------+-------------------------------------------
     0 | D:1      | hawla the Deep Elf Earth Elementalist began the quest for
                  | the Orb.
     0 | D:1      | Reached XP level 1. HP: 10/10 MP: 6/6
   204 | D:1      | Reached skill level 1 in Fighting
   262 | D:1      | Reached XP level 2. HP: 6/16 MP: 5/8
   414 | D:1      | Found a faded altar of an unknown god.
   832 | D:1      | Reached XP level 3. HP: 19/21 MP: 4/9
   979 | D:1      | Learned a level 3 spell: Stone Arrow
  1139 | D:2      | Found Wasabb's Jewellery Shoppe.
  1314 | D:2      | Noticed Jessica
  1315 | D:2      | Reached XP level 4. HP: 26/26 MP: 10/10
  1317 | D:2      | Killed Jessica
  1318 | D:2      | Reached skill level 2 in Conjurations
  1593 | D:2      | Reached skill level 3 in Conjurations
  1718 | D:3      | You fall into a shaft and drop 2 floors!
  1718 | D:5      | Entered Level 5 of the Dungeon
  1729 | D:5      | Reached XP level 5. HP: 20/30 MP: 4/11
  1738 | D:4      | Noticed a lemure
  1738 | D:4      | Noticed a lemure
  1753 | D:4      | Killed a lemure
  1763 | D:4      | Killed a lemure
  1765 | D:4      | Noticed Ijyb
  1798 | D:4      | Killed Ijyb
  1799 | D:4      | Reached skill level 4 in Conjurations
  2221 | D:3      | Found a snail-covered altar of Cheibriados.
  2487 | D:4      | Noticed Sigmund
  2488 | D:4      | Reached skill level 5 in Conjurations
  2493 | D:4      | Noticed Sigmund
  2494 | D:4      | Killed Sigmund the endoplasm
  2569 | D:4      | Found an opulent altar of Gozag.
  2703 | D:4      | Noticed an ogre
  2707 | D:4      | Reached skill level 1 in Evocations
  2710 | D:4      | Killed an ogre
  2711 | D:4      | Reached XP level 6. HP: 26/35 MP: 2/12
  2811 | D:4      | Found a runed translucent gate.
  2811 | D:4      | Found a runed translucent gate.
  2811 | D:4      | Found a runed translucent gate.
  2812 | D:4      | Noticed booth's ghost (amateur KoHu)
  3006 | D:4      | Noticed Pikel
  3014 | D:4      | Slain by Pikel

Illustrated notes

Levels and vault maps discovered:
D:1:      dpeg_arrival_ternary, layout_loops_ring,
          shapermc_ecumenical_altar_totnotflames
D:2:      layout_basic, serial_shops, nicolae_diamond_shop,
          hangedman_abyss_or_decor_lesser_grid, uniq_jessica
D:3:      layout_rooms, slow_altar_1, minmay_distorted
D:4:      layout_cave_pods, amcnicky_altar_gilded, gammafunk_ghost_necromancy,
          uniq_natasha, uniq_pikel, uniq_grinder, uniq_ijyb, uniq_sigmund
D:5:      layout_cave_pods, nicolae_yredelemnul_corpse_copse,
          mainiacjoe_overflow_surrounded_room, tgw_fedhas, hex_tiny

Skill      XL: |  1  2  3  4  5  6 |
---------------+-------------------+-----
Fighting       | 1 2 |  2.0
Stealth        | 4 |  4.0
Conjurations   | 3 5 |  5.0
Evocations     | 2 3 |  3.2
Dodging        | |  2.4
Spellcasting   | |  3.0
Earth Magic    | |  3.2

Action                     |  1- 3 |  4- 6 || total
---------------------------+-------+-------++-------
  Melee: Dagger            |    20 |    30 ||    50
         Unarmed           |       |    16 ||    16
   Cast: Sandblast         |    45 |    61 ||   106
         Stone Arrow       |       |    10 ||    10
  Evoke: Wand              |       |     1 ||     1
    Use: Potion            |     2 |       ||     2
         Scroll            |     1 |     3 ||     4
   Stab: Sleeping          |       |     2 ||     2
 Armour: Robe              |    37 |    37 ||    74
         Skin              |       |     3 ||     3
  Dodge: Dodged            |    29 |    42 ||    71
